 Dungeon Crawl Stone Soup version 0.24-a0-218-ga595e75 (webtiles) character file.

Game seed: 14135720872965456087

2550 Hylith the Conjurer (level 9, -6/78 (79) HPs)
             Began as a Black Draconian Conjurer on Mar 30, 2019.
             Was a Follower of Vehumet.
             Mangled by a yak (19 damage)
             ... on level 9 of the Dungeon.
             The game lasted 00:21:32 (6830 turns).

Hylith the Conjurer (Black Draconian Conjurer)      Turns: 6830, Time: 00:21:33

HP:   -6/78 (79)    AC: 10    Str: 10    XL:     9   Next: 30%
MP:   18/18         EV: 16    Int: 19    God:    Vehumet [*.....]
Gold: 459           SH:  0    Dex: 12    Spells: 19/20 levels left

rFire    . . .     SeeInvis .   i - +2 dagger (elec)
rCold    . . .     Gourm    .   (no shield)
rNeg     . . .     Faith    .   (armour unavailable)
rPois    .         Spirit   .   (helmet restricted)
rElec    +         Reflect  .   (no cloak)
rCorr    .         Harm     +   (no gloves)
MR       .....                  g - +0 pair of boots
Stlth    ++........             B - amulet of harm
HPRegen  0.23/turn              D - +2 ring of evasion
MPRegen  0.16/turn              n - +2 ring of protection

@: no status effects
A: breathe lightning, unfitting armour, electricity resistance, cold-blooded, AC
+7
a: Breathe Lightning, Renounce Religion


You were on level 9 of the Dungeon.
You worshipped Vehumet.
Vehumet was aware of your devotion.
You were not hungry.

You visited 2 branches of the dungeon, and saw 10 of its levels.

You collected 459 gold pieces.

Inventory:

Hand Weapons
 i - a +2 dagger of electrocution (weapon)
Armour
 g - a +0 pair of boots (worn)
 G - a +0 cloak
Jewellery
 l - a +3 ring of strength
 n - a +2 ring of protection (right hand)
 B - an amulet of harm (around neck)
 D - a +2 ring of evasion (left hand)
 F - an uncursed ring of protection from magic {unknown}
Wands
 q - a wand of iceblast (10)
 E - a wand of polymorph (5)
Scrolls
 a - 6 scrolls of teleportation {unknown}
 c - 18 scrolls of identify {unknown}
 d - a scroll of enchant armour {unknown}
 e - 5 scrolls of fog {unknown}
 f - 2 scrolls of magic mapping {unknown}
 m - a scroll of blinking {unknown}
 o - a scroll of immolation {unknown}
 s - 2 scrolls of amnesia {unknown}
 v - a scroll of noise {unknown}
 y - 2 scrolls of remove curse {unknown}
 C - a scroll of torment {unknown}
Potions
 h - 4 potions of heal wounds {unknown}
 j - a potion of invisibility {unknown}
 k - 2 potions of cancellation {unknown}
 p - 2 potions of mutation {unknown}
 r - 2 potions of agility {unknown}
 t - 4 potions of curing {unknown}
 u - a potion of magic {unknown}
 w - 2 potions of berserk rage {unknown}
 x - 2 potions of haste {unknown}
 z - a potion of flight {unknown}
 A - a potion of experience {unknown}
Comestibles
 b - 16 rations


   Skills:
 - Level 7.2 Fighting
 - Level 5.1 Dodging
 - Level 2.0 Stealth
 + Level 6.1 Spellcasting
 + Level 7.8 Conjurations


You had 19 spell levels left.
You knew the following spells:

 Your Spells              Type           Power        Failure   Level  Hunger
a - Magic Dart            Conj           ####         1%          1    None

Your spell library contained the following spells:

 Spells                   Type           Power        Failure   Level  Hunger
 Sandblast                Erth           #.....       11%         1    None
 Searing Ray              Conj           #####.       1%          2    None
 Throw Frost              Conj/Ice       ###...       3%          2    None
 Iskenderun's Mystic Bla  Conj           #####...     4%          4    ####...
 Dazzling Spray           Conj/Hex       ###...       7%          3    ##.....
 Freeze                   Ice            #...         11%         1    None
 Force Lance              Conj/Tloc      ###.....     22%         4    ####...
 Fulminant Prism          Conj/Hex       ###.......   22%         4    ####...
 Throw Icicle             Conj/Ice       ###.....     22%         4    ####...
 Ozocubu's Armour         Chrm/Ice       #.......     32%         3    ##.....
 Summon Ice Beast         Ice/Summ       #.......     73%         4    ####...


Dungeon Overview and Level Annotations

Branches:
Dungeon (9/15)             Temple (1/1) D:7
   Lair: D:8-11         Orc: D:9-12

Altars:
Ashenzari
Cheibriados
Dithmenos
Gozag
Hepliaklqana
Makhleb
Qazlal
Sif Muna
Trog
Vehumet
Yredelemnul
Zin


Innate Abilities, Weirdness & Mutations

You can breathe wild blasts of lightning.
Your glossy black scales are hard. (AC +7)
You cannot fit into any form of body armour.
You are resistant to electric shocks. (rElec)
You are cold-blooded and may be slowed by cold attacks.


Message History

The yak gores you.
You hit the yak.
The yak is almost dead.
The yak misses you.
You barely miss the yak.
You tail-slap the yak, but do no damage.
The yak is almost dead.
An orc wizard comes into view. It is wielding a +0 dagger.
The orc wizard gestures wildly while chanting.
The orc wizard seems to speed up.
The yak closely misses you.
You hit the yak but do no damage.
The yak is almost dead.
The orc wizard points at you and mumbles some strange words.
You easily resist.
The yak gores you!
* * * LOW HITPOINT WARNING * * *
The orc wizard casts a spell.
The orc wizard seems to speed up.
There is a stone staircase leading up here.
Magic restored.
The yak gores you!
You die...

......#...# #.#
......#...###.####
..........>.......
.....Y#...o##.#####..#
......+...Y..o.......##
...o..#....##o#####....
......#....#.........#
ยง.....+....#...Y.###.#
####..#....#....@# #
#..#....#.....# .
...####.#.....# .. ...
....###... .o. .#......
#.### ...! ...... #.#
...># ...... #.# #.o.o
..... #.. #.#


You could see a yak, 2 orc wizards and an orc.

Vanquished Creatures
  A two-headed ogre (D:8)
  A water moccasin (D:5)
  2 orc warriors (D:8)
  A necrophage (D:5)
  2 phantoms
  3 ogres
  2 centaurs
  A bullfrog (D:7)
  3 scorpions
  A howler monkey (D:8)
  A bullfrog zombie (D:6)
  5 hounds
  A bullfrog skeleton (D:6)
  2 jellies (D:8)
  An orc priest (D:4)
  2 iguanas
  2 orc wizards
  3 worker ants
  A hound skeleton (D:4)
  3 gnolls (D:2)
  5 adders
  3 shadow imps
  An adder zombie (D:7)
  A dart slug (D:1)
  5 leopard geckos
  14 orcs
  4 giant cockroaches
  4 goblins
  6 hobgoblins
  19 jackals
  7 kobolds
  5 quokkas
  A ball python (D:4)
  7 bats
  10 frilled lizards
  A leopard gecko skeleton (D:5)
  6 rats
137 creatures vanquished.

Notes
Turn   | Place    | Note
-------+----------+-------------------------------------------
     0 | D:1      | Hylith the Draconian Conjurer began the quest for the Orb.
     0 | D:1      | Reached XP level 1. HP: 14/14 MP: 3/3
   104 | D:1      | Reached skill level 1 in Fighting
   130 | D:1      | Reached XP level 2. HP: 21/23 MP: 5/5
   777 | D:1      | Reached XP level 3. HP: 30/30 MP: 3/6
   964 | D:2      | Found a snail-covered altar of Cheibriados.
  1202 | D:2      | Found a basalt altar of Yredelemnul.
  1240 | D:2      | Found a hazy altar of Hepliaklqana.
  1244 | D:2      | Reached XP level 4. HP: 38/40 MP: 5/7
  1360 | D:2      | Found a burning altar of Makhleb.
  1761 | D:3      | Found a glowing silver altar of Zin.
  2306 | D:4      | Reached XP level 5. HP: 47/47 MP: 8/8
  2342 | D:4      | Reached skill level 5 in Fighting
  2728 | D:4      | You fall through a shaft for 3 floors!
  2731 | D:7      | Reached XP level 6. HP: 56/56 MP: 7/9
  2803 | D:7      | Found a staircase to the Ecumenical Temple.
  2820 | Temple   | Entered the Ecumenical Temple
  2823 | Temple   | Became a worshipper of Vehumet
  3112 | D:5      | Entered Level 5 of the Dungeon
  3198 | D:5      | Your scales start taking on a glossy black colour.
  3198 | D:5      | Reached XP level 7. HP: 60/63 MP: 5/10
  3198 | D:5      | Gained mutation: You are resistant to electric shocks.
                  | (rElec) [Black Draconian growth]
  3291 | D:5      | Found a shattered altar of Ashenzari.
  3561 | D:5      | Reached * piety under Vehumet
  3561 | D:5      | Offered knowledge of Sandblast by Vehumet.
  3713 | D:5      | Reached skill level 5 in Conjurations
  3713 | D:5      | Reached XP level 8. HP: 57/72 MP: 8/12
  4059 | D:6      | Reached skill level 5 in Dodging
  4277 | D:6      | Found a deep blue altar of Sif Muna.
  4599 | D:6      | Found a shadowy altar of Dithmenos.
  4726 | D:6      | Found a stormy altar of Qazlal.
  5211 | D:8      | Noticed a two-headed ogre
  5441 | D:8      | Killed a two-headed ogre
  5441 | D:8      | Reached skill level 5 in Spellcasting
  5441 | D:8      | Reached XP level 9. HP: 19/78 MP: 10/17
  6336 | D:8      | Found a bloodstained altar of Trog.
  6830 | D:9      | Mangled by a yak

Levels and vault maps discovered:
D:1:      matt_arrival_grand_opening, layout_basic
D:2:      layout_basic, yredelemnul_altar_generic, marbit_many_paths,
          lemuel_doored_altar, overflow_temple_1_default, minmay_puff
D:3:      layout_rooms, overflow_temple_1_default, first_ration,
          minmay_crystal_room
D:4:      layout_gridville, serial_bayou_lagoon_a, lexackson_kobold_supper
D:5:      layout_loops_ring, lemuel_coloured_pillars_altar
D:6:      layout_loops_ring, nicolae_dithmenos_the_darkroom,
          overflow_temple_1_default, nicolae_qazlal_eye_of_the_storm,
          minivault_24, nicolae_sextant
D:7:      layout_basic, temple_green
D:8:      layout_loops_ring, lightli_temple_of_fire
D:9:      lemuel_troll_bridge, layout_basic, uniq_erica
Temple:   nicolae_temple_hex_pool

Skill      XL: |  1  2  3  4  5  6  7  8  9 |
---------------+----------------------------+-----
Stealth        | 2 |  2.0
Dodging        | 2 3 4 5 |  5.1
Fighting       | 1 2 3 4 5 6 7 |  7.2
Spellcasting   | 3 5 6 |  6.1
Conjurations   | 5 7 |  7.8

Action                   |  1- 3 |  4- 6 |  7- 9 || total
-------------------------+-------+-------+-------++-------
Melee: Short sword       |    52 |       |       ||    52
       Tailslap          |     9 |     8 |     9 ||    26
       Dagger            |    34 |   129 |   140 ||   303
 Cast: Magic Dart        |    30 |    64 |   121 ||   215
 Abil: Breathe Lightning |       |       |     1 ||     1
 Stab: Sleeping          |     1 |     2 |     2 ||     5
  Eat: Chunk             |     2 |     7 |    12 ||    21
Armor: Skin              |    33 |    46 |    33 ||   112
Dodge: Dodged            |    55 |    82 |   102 ||   239

Table legend:
 A = Non-vault XP
 B = Vault XP
 C = Vault XP percentage of total XP
 D = Non-vault monster count
 E = Vault monster count
 F = Vault count percentage of total count
                 A         B        C        D         E       F
            +---------+---------+-------+---------+---------+-------
      Total |    3640 |       4 |   0.1 |     134 |       3 |   2.2
            +---------+---------+-------+---------+---------+-------
        D:1 |      43 |       0 |   0.0 |      26 |       0 |   0.0
        D:2 |     113 |       4 |   3.4 |      23 |       3 |  11.5
        D:3 |      12 |       0 |   0.0 |       8 |       0 |   0.0
        D:4 |     133 |       0 |   0.0 |      14 |       0 |   0.0
        D:5 |     802 |       0 |   0.0 |      24 |       0 |   0.0
        D:6 |     260 |       0 |   0.0 |      10 |       0 |   0.0
        D:7 |     386 |       0 |   0.0 |      13 |       0 |   0.0
        D:8 |    1762 |       0 |   0.0 |      15 |       0 |   0.0
        D:9 |     129 |       0 |   0.0 |       1 |       0 |   0.0
            +---------+---------+-------+---------+---------+-------
